 Dungeon Crawl Stone Soup version 0.24-a0-176-gc3651c4 (console) character file.

Game seed: 11547752454736981386

56529 Duffy the Grappler (level 14, 0/121 HPs)
             Began as a Red Draconian Transmuter on Mar 12, 2019.
             Was the Champion of Cheibriados.
             Slain by Orphidia's ghost (5 damage)
             ... on level 2 of the Orcish Mines.
             The game lasted 00:37:52 (28959 turns).

Duffy the Grappler (Red Draconian Transmuter)      Turns: 28959, Time: 00:37:54

Health: 0/121      AC: 12    Str: 28    XL:     14   Next: 42%
Magic:  30/32      EV: 22    Int: 40    God:    Cheibriados [******]
Gold:   815        SH:  3    Dex: 27    Spells: 6/25 levels left

rFire    + . .     SeeInvis +     - Unarmed
rCold    . . .     Gourm    .   (shield currently unavailable)
rNeg     + . .     Faith    .   (armour unavailable)
rPois    .         Spirit   .   (helmet restricted)
rElec    .         Reflect  +   S - +1 cloak {MR+}
rCorr    .         Harm     .   (gloves currently unavailable)
MR       ++...                  Y - +1 pair of boots
Stlth    ++........             y - +3 amulet of reflection
HPRegen  0.30/turn              t - ring "Daozam" {rN+ Int+7 Slay+2 SInv}
MPRegen  0.23/turn              o - ring of Buuniqev {Wiz +Fly MP+9}

@: blade hands, slowed, heavily drained, very slow
A: breathe fire, unfitting armour, fire resistance 1, cold-blooded, AC +8
a: Breathe Fire, End Transformation, Bend Time, Temporal Distortion, Slouch,
Step From Time, Renounce Religion, Evoke Flight


You were on level 2 of the Orcish Mines.
You worshipped Cheibriados.
Cheibriados was exalted by your worship.
You were not hungry.
You had blades for hands.
You visited 4 branches of the dungeon, and saw 20 of its levels.
You also visited: Gauntlet.

You collected 1897 gold pieces.
You spent 1082 gold pieces at shops.

Inventory:

Missiles
 a - 276 arrows
 G - 5 throwing nets (quivered)
Armour
 z - the +2 pair of gloves "Udonk" (melded) {Int+5 Stlth+}
   (You bought it in a shop on level 2 of the Orcish Mines)

   It affects your intelligence (+5).
   It makes you more stealthy.
 D - a scarf of resistance
 Q - a scarf of cloud immunity
 S - a +1 cloak of magic resistance (worn)
 Y - a +1 pair of boots (worn)
Magical Staves
 W - an uncursed staff of earth {!a}
Jewellery
 h - an uncursed ring of protection from fire
 o - the ring of Buuniqev (right scythe-like blade) {Wiz +Fly MP+9}
   (You found it in a Gauntlet)

   [ring of wizardry]

   It improves your spell success rate.
   It affects your magic capacity (+9).
   It lets you fly.
 t - the ring "Daozam" (left scythe-like blade) {rN+ Int+7 Slay+2 SInv}
   (You found it in a Gauntlet)

   [ring of slaying]

   It affects your intelligence (+7).
   It affects your accuracy and damage with ranged weapons and melee attacks
   (+2).
   It protects you from negative energy.
   It lets you see invisible.
 y - a +3 amulet of reflection (around neck)
 H - an uncursed ring of fire
 I - an uncursed ring of ice
Wands
 f - a wand of polymorph (29)
 q - a wand of acid (20)
 u - a wand of paralysis (16)
 v - a wand of digging (5)
 J - a wand of enslavement (2)
 P - a wand of scattershot (2)
 T - a wand of flame (13)
Scrolls
 e - 7 scrolls of teleportation
 g - 4 scrolls of fear
 k - 7 scrolls of fog
 l - 8 scrolls of remove curse
 p - 5 scrolls of enchant armour
 s - a scroll of acquirement
 w - 5 scrolls of enchant weapon
 E - 3 scrolls of immolation
 L - 2 scrolls of vulnerability
 M - a scroll of holy word {unknown}
 N - a scroll of amnesia
 O - a scroll of brand weapon {unknown}
 V - a scroll of blinking {unknown}
Potions
 b - 3 potions of heal wounds
 d - 11 potions of curing
 i - 3 potions of cancellation
 n - 7 potions of agility
 r - 2 potions of mutation
 x - 4 potions of invisibility
 A - 5 potions of brilliance
 C - a potion of flight
 F - a potion of ambrosia {unknown}
 U - a potion of magic {unknown}
Miscellaneous
 K - a fan of gales
Comestibles
 c - 28 rations


   Skills:
 - Level 10.0(8.1) Fighting
 - Level 11.4(9.4) Dodging
 - Level 14.0(11.8) Unarmed Combat
 + Level 6.2(4.5) Spellcasting
 + Level 1.6(0.1) Summonings
 + Level 1.6(0.1) Translocations
 - Level 7.0(5.2) Transmutations
 - Level 2.0(0.5) Ice Magic
 - Level 2.0(0.4) Poison Magic
 - Level 9.0(7.1) Invocations
 - Level 8.1(6.2) Evocations


You had 6 spell levels left.
You knew the following spells:

 Your Spells              Type           Power        Failure   Level  Hunger
a - Apportation           Tloc           ##....       11%         1    None
h - Blade Hands           Tmut           ######....   21%         5    #####..
j - Ice Form              Ice/Tmut       ####....     21%         4    ###....
k - Spider Form           Tmut/Pois      ####......   11%         3    None
n - Sticks to Snakes      Tmut           ######..     4%          2    None
t - Summon Butterflies    Summ           ##......     11%         1    None
u - Lesser Beckoning      Tloc           ##........   19%         3    None

Your spell library contained the following spells:

 Spells                   Type           Power        Failure   Level  Hunger
 Beastly Appendage        Tmut           ######       4%          1    None
 Infusion                 Chrm           #...         11%         1    None
 Magic Dart               Conj           #...         11%         1    None
 Summon Small Mammal      Summ           ##..         11%         1    None
 Searing Ray              Conj           #.....       13%         2    None
 Shroud of Golubria       Chrm/Tloc      #.........   13%         2    None
 Swiftness                Chrm/Air       #.......     13%         2    None
 Summon Guardian Golem    Hex/Summ       #.......     19%         3    None
 Dazzling Spray           Conj/Hex       #.....       21%         3    None
 Tukima's Dance           Hex            #.......     21%         3    None
 Alistair's Intoxication  Tmut/Pois      ####....     36%         5    #####..
 Force Lance              Conj/Tloc      #.......     38%         4    ###....
 Fulminant Prism          Conj/Hex       #.........   38%         4    ###....
 Iskenderun's Mystic Bla  Conj           #.......     38%         4    ###....
 Summon Mana Viper        Hex/Summ       #.......     65%         5    #####..
 Shadow Creatures         Summ           N/A          97%         6    ######.
 Invisibility             Hex            #.......     98%         6    ######.


Dungeon Overview and Level Annotations

Branches:
Dungeon (11/15)            Temple (1/1) D:4            Lair (6/6) D:8
 Shoals (0/4) Lair:2       Spider (0/4) Lair:3        Slime (0/5) Lair:5
    Orc (2/2) D:11            Elf (0/3) Orc:2

Altars:
Ashenzari
Cheibriados
Dithmenos
Elyvilon
Fedhas
Gozag
Hepliaklqana
Kikubaaqudgha
Makhleb
Nemelex Xobeh
Okawaru
Qazlal
Ru
Sif Muna
Trog
Uskayaw
Vehumet
Wu Jian
Xom
Yredelemnul
Zin
The Shining One
Beogh

Shops:
D:7 !   D:10 (   Orc:2 :[

Annotations:
Lair:1 exclusion: 2 oklob plants
Orc:2 Orphidia's ghost, journeyman TeGl


Innate Abilities, Weirdness & Mutations

You can breathe blasts of fire.
Your fiery red scales are hard. (AC +8)
You cannot fit into any form of body armour.
Your flesh is heat resistant. (rF+)
You are cold-blooded and may be slowed by cold attacks.


Message History

Orphidia's ghost freezes you.
You closely miss Orphidia's ghost.
Orphidia's ghost is moderately damaged.
Orphidia's ghost hits you!
You feel as though you will be slow longer.
Orphidia's ghost freezes you.
You slice Orphidia's ghost!!
Your tail-slap misses Orphidia's ghost.
Orphidia's ghost is severely damaged.
You block Orphidia's ghost's attack.
You barely miss Orphidia's ghost.
Orphidia's ghost is severely damaged.
Orphidia's ghost whispers, "Meet the emptiness of death!"
Orphidia's ghost misses you.
You hit Orphidia's ghost but do no damage.
You tail-slap Orphidia's ghost, but do no damage.
Orphidia's ghost is severely damaged.
You feel yourself speed up. Orphidia's ghost hits you!!
You feel yourself slow down. Orphidia's ghost freezes you.
You die...

.#.###.#.......,,,,,,,,,,,,,,,,,,,,
.#.#...........,.........,,,,,,,,,,
.#......#########........,,,,,,,,,,
##.#....#.$.....#........,,,,,,,,,,
#..#....#.$.#...#........,,,,,,,,,,
......#.#.|#.#..'........,,,,,,,,,,
.....#..#.=.....'..$.....,,,,,,,,,,
....#...#.?#.#.oW........,,,,,,,,,,
.....#..#...#...#@.......,,,,,,,,,,
....###.#.......#........,,,,,,,,,,
....#...#########........,,,,,,,,,,
....#....................,,,,,,,,,,
.......####.........#....,,,,,,,,,,
......###*##.##.##.......,,,,,,,,,,
.........,..#####*#......,,*,,,,,,,
.....#####..* *......,,,,,,,,,,
<...##...##.* *#.....,,,,,,,,,,


You could see an orc warrior and Orphidia's ghost.

Vanquished Creatures
  A reaper (Gauntlet)
  A dire elephant (Gauntlet)
  A minotaur (Gauntlet)
  Snorg (Lair:4)
  Josephine (Lair:6)
  The ghost of HunterMK the Severer, a journeyman HOFi of Beogh (D:11)
  4 hydras
  Harold (Lair:2)
  2 alligators (Lair:4)
  4 death yaks (Lair:6)
  An orc high priest (Orc:2)
  An unseen horror (D:10)
  2 cyclopes
  Maurice (D:11)
  A manticore (D:11)
  7 elephants
  4 black mambas
  A torpor snail (Lair:6)
  24 spiny frogs
  5 rime drakes
  13 komodo dragons
  5 tyrant leeches (Lair:6)
  Grinder (D:5)
  5 dream sheep (Lair:4)
  16 blink frogs
  2 hippogriffs
  3 slime creatures (Lair:4)
  A snapping turtle (Lair:2)
  A vampire (D:9)
  4 wraiths (Lair:6)
  A shadow (D:11)
  5 wyverns
  46 yaks
  A hungry ghost (D:7)
  7 vampire mosquitoes
  A swamp worm (Lair:4)
  Duvessa (D:5)
  A soldier ant (D:11)
  11 porcupines
  9 water moccasins
  3 swamp drakes (Lair:4)
  A sky beast (D:9)
  An eye of draining (D:11)
  15 orc warriors
  4 centaurs
  5 ogres
  18 crocodiles
  A big kobold (D:8)
  23 bullfrogs
  A gnoll sergeant (D:8)
  Dowan (D:5)
  2 scorpions
  11 killer bees
  6 wights
  An electric eel (Lair:2)
  4 crimson imps
  2 centaur zombies
  2 hounds
  15 jellies
  A centaur skeleton (D:10)
  10 orc priests
  A bullfrog skeleton (D:9)
  22 orc wizards
  An iguana (D:4)
  7 worker ants
  4 hound skeletons
  A worker ant zombie (D:9)
  10 gnolls
  8 adders
  6 shadow imps
  7 oozes
  An adder skeleton (D:3)
  A worm (D:2)
  2 dart slugs (D:1)
  6 leopard geckos
  81 orcs
  2 ball pythons
  10 bats
  9 giant cockroaches
  9 goblins
  8 hobgoblins
  15 jackals
  4 quokkas
  8 frilled lizards
  13 kobolds
  8 rats
  A fungus (Lair:3)
570 creatures vanquished.

Vanquished Creatures (others)
  23 fungi (Lair:6)
  59 plants
82 creatures vanquished.

Grand Total: 652 creatures vanquished

Notes
Turn   | Place    | Note
-------+----------+-------------------------------------------
     0 | D:1      | Duffy the Draconian Transmuter began the quest for the Orb.
     0 | D:1      | Reached XP level 1. HP: 16/16 MP: 3/3
   383 | D:1      | Reached XP level 2. HP: 23/23 MP: 5/5
   407 | D:1      | You fall through a shaft!
  1038 | D:1      | Reached skill level 4 in Unarmed Combat
  1264 | D:2      | Reached XP level 3. HP: 22/28 MP: 6/6
  1361 | D:1      | Learned a level 2 spell: Sticks to Snakes
  1365 | D:1      | Learned a level 3 spell: Spider Form
  1446 | D:2      | Found a shattered altar of Ashenzari.
  1446 | D:2      | Found a glowing golden altar of the Shining One.
  2044 | D:3      | Reached skill level 1 in Poison Magic
  2352 | D:3      | Reached XP level 4. HP: 33/35 MP: 7/7
  2828 | D:3      | Reached skill level 5 in Unarmed Combat
  3299 | D:4      | Reached XP level 5. HP: 24/40 MP: 4/8
  3749 | D:4      | Identified the cursed +0 ring mail of Inevitability {rElec
                  | rCorr Int-4 Slay+6}
  4211 | D:4      | HP: 2/40 [orc wizard/magic dart (9)]
  4542 | D:3      | Reached skill level 6 in Unarmed Combat
  4940 | D:4      | Found a staircase to the Ecumenical Temple.
  4949 | D:4      | Reached XP level 6. HP: 36/47 MP: 5/9
  5098 | Temple   | Entered the Ecumenical Temple
  5239 | Temple   | Became a worshipper of Cheibriados the Contemplative
  5264 | D:4      | Reached skill level 7 in Unarmed Combat
  5306 | D:4      | Found a shimmering altar of Xom.
  5307 | D:4      | Found a hazy altar of Hepliaklqana.
  5307 | D:4      | Noticed a wyvern
  5308 | D:4      | Noticed a wyvern
  5308 | D:4      | Noticed a spectral ugly thing
  5493 | D:5      | Entered Level 5 of the Dungeon
  5629 | D:5      | You fall through a shaft for 3 floors!
  5642 | D:8      | Noticed an orc warrior
  5649 | D:8      | Noticed a wyvern
  5770 | D:9      | Killed a wyvern
  5770 | D:9      | Your scales start taking on a fiery red colour.
  5770 | D:9      | Reached XP level 7. HP: 20/52 MP: 7/10
  5770 | D:9      | Gained mutation: Your flesh is heat resistant. (rF+) [Red
                  | Draconian growth]
  6029 | D:9      | Reached skill level 8 in Unarmed Combat
  6355 | D:8      | Reached * piety under Cheibriados
  6564 | D:8      | Found an ancient bone altar of Kikubaaqudgha.
  6564 | D:8      | Found a blossoming altar of Fedhas.
  6652 | D:8      | Found a staircase to the Lair.
  6705 | D:7      | Noticed a hungry ghost
  6715 | D:7      | Killed a hungry ghost
  6715 | D:7      | Reached XP level 8. HP: 63/63 MP: 11/11
  6853 | D:7      | Reached skill level 9 in Unarmed Combat
  6880 | D:6      | Found a hide-covered altar of Uskayaw.
  6928 | D:6      | Learned a level 5 spell: Blade Hands
  7482 | D:6      | Reached ** piety under Cheibriados
  7565 | D:6      | Reached skill level 1 in Evocations
  7772 | D:5      | Noticed Grinder
  7786 | D:5      | Killed Grinder
  8124 | D:5      | Noticed Duvessa
  8124 | D:5      | Noticed Dowan
  8128 | D:5      | Killed Duvessa
  8128 | D:5      | Reached skill level 5 in Fighting
  8128 | D:5      | Reached XP level 9. HP: 65/74 MP: 12/12
  8139 | D:5      | Killed Dowan
  8502 | D:5      | Reached *** piety under Cheibriados
  8951 | D:6      | Found a sparkling altar of Nemelex Xobeh.
  9507 | D:7      | Reached skill level 5 in Dodging
  9854 | D:7      | Reached skill level 10 in Unarmed Combat
  9969 | D:7      | Found Muxah's Distillery.
  9993 | D:7      | Reached skill level 5 in Evocations
 10078 | D:7      | Bought a potion of heal wounds for 60 gold pieces
 10078 | D:7      | Bought a potion of curing for 36 gold pieces
 10078 | D:7      | Bought a potion of lignification for 36 gold pieces
 10078 | D:7      | Bought a potion of agility for 48 gold pieces
 10078 | D:7      | Bought a potion of brilliance for 48 gold pieces
 10078 | D:7      | Bought a potion of invisibility for 96 gold pieces
 10078 | D:7      | Bought a potion of flight for 36 gold pieces
 10196 | D:7      | Reached **** piety under Cheibriados
 10492 | D:8      | Reached skill level 1 in Invocations
 11499 | D:9      | Noticed a cyclops
 11521 | D:9      | Killed a cyclops
 12075 | D:9      | Reached ***** piety under Cheibriados
 12075 | D:9      | Reached XP level 10. HP: 71/81 MP: 11/15
 12405 | D:9      | Learned a level 4 spell: Ice Form
 12453 | D:9      | Found an iron altar of Okawaru.
 12453 | D:9      | Found a bloodstained altar of Trog.
 12454 | D:9      | Found a hide-covered altar of Uskayaw.
 12672 | D:8      | Reached skill level 1 in Ice Magic
 13038 | D:10     | Entered Level 10 of the Dungeon
 13239 | D:9      | Reached skill level 5 in Transmutations
 13433 | D:9      | Reached skill level 5 in Invocations
 13554 | D:10     | Found Ganunoup's Weapon Shoppe.
 13612 | D:10     | Killed an unseen horror
 13612 | D:10     | Reached skill level 5 in Spellcasting
 14171 | D:10     | Found a shimmering altar of Xom.
 14171 | D:10     | Found a shimmering altar of Xom.
 14171 | D:10     | Found a shimmering altar of Xom.
 14172 | D:10     | Found a shimmering altar of Xom.
 14175 | D:10     | Found a shimmering altar of Xom.
 14175 | D:10     | Found a shimmering altar of Xom.
 14355 | D:10     | Noticed a lindwurm
 14399 | D:10     | Noticed a cyclops
 14446 | Lair:1   | Entered Level 1 of the Lair of Beasts
 14523 | Lair:1   | Reached XP level 11. HP: 36/86 MP: 16/19
 15128 | Lair:1   | Noticed an oklob plant
 16257 | Lair:2   | Found a staircase to the Shoals.
 16268 | Lair:2   | Noticed Harold
 16279 | Lair:2   | Killed Harold
 16726 | Lair:2   | Noticed an eight-headed hydra
 16734 | Lair:2   | Killed an eight-headed hydra
 18053 | Lair:3   | Reached skill level 11 in Unarmed Combat
 18079 | Lair:3   | Found a hole to the Spider Nest.
 18087 | Lair:3   | HP: 2/86 [spiny frog (26)]
 18121 | Lair:3   | HP: 3/86 [hippogriff (3)]
 18416 | Lair:3   | You fall through a shaft for 3 floors!
 18416 | Lair:6   | Entered Level 6 of the Lair of Beasts
 18572 | Lair:6   | Reached XP level 12. HP: 94/94 MP: 15/21
 18811 | Lair:6   | Reached ****** piety under Cheibriados
 18937 | Lair:6   | Reached skill level 12 in Unarmed Combat
 19110 | Lair:6   | Noticed Josephine
 19380 | Lair:6   | Killed Josephine
 19391 | Lair:6   | Reached skill level 13 in Unarmed Combat
 19707 | Lair:6   | Noticed a death yak
 19708 | Lair:6   | Noticed a death yak
 19718 | Lair:6   | Noticed a death yak
 19719 | Lair:6   | Noticed a death yak
 19731 | Lair:6   | Killed a death yak
 19731 | Lair:6   | Reached XP level 13. HP: 48/100 MP: 19/22
 19740 | Lair:6   | Reached skill level 10 in Dodging
 21218 | Lair:5   | Reached skill level 14 in Unarmed Combat
 21662 | Lair:5   | Found a staircase to the Slime Pits.
 22835 | Lair:4   | Noticed Snorg
 22844 | Lair:4   | Killed Snorg
 23811 | Lair:4   | Reached XP level 14. HP: 116/116 MP: 23/23
 25640 | D:11     | Got a transparent broad axe
 25692 | D:11     | Noticed Maurice
 25697 | D:11     | Killed Maurice
 25795 | D:11     | Found a runed translucent door.
 25795 | D:11     | Noticed HunterMK's ghost (journeyman HOFi)
 25809 | D:11     | Killed HunterMK's ghost
 26108 | D:11     | Found a staircase to the Orcish Mines.
 26318 | Orc:1    | Entered Level 1 of the Orcish Mines
 26410 | Orc:1    | Found a bloodstained altar of Trog.
 26544 | Orc:1    | Found a roughly hewn altar of Beogh.
 27012 | Orc:2    | Entered Level 2 of the Orcish Mines
 27019 | Orc:2    | Identified a scroll of acquirement
 27082 | Orc:2    | Found a gate leading to a gauntlet.
 27091 | Gauntlet | Entered a Gauntlet
 27091 | Gauntlet | Found a transporter.
 27091 | Gauntlet | Found a large runed translucent door.
 27091 | Gauntlet | Found a large runed translucent door.
 27091 | Gauntlet | Found a large runed translucent door.
 27091 | Gauntlet | Found a large runed translucent door.
 27091 | Gauntlet | Found a large runed translucent door.
 27091 | Gauntlet | Found a large runed translucent door.
 27091 | Gauntlet | Found a runed translucent door.
 27091 | Gauntlet | Found a runed translucent door.
 27091 | Gauntlet | Found a large runed translucent door.
 27091 | Gauntlet | Found a large runed translucent door.
 27091 | Gauntlet | Found a large runed translucent door.
 27091 | Gauntlet | Found a large runed translucent door.
 27091 | Gauntlet | Found a large runed translucent door.
 27091 | Gauntlet | Found a large runed translucent door.
 27094 | Gauntlet | Found a transporter.
 27095 | Gauntlet | Found a large runed translucent door.
 27095 | Gauntlet | Found a large runed translucent door.
 27096 | Gauntlet | Found a runed translucent gate.
 27096 | Gauntlet | Found a runed translucent gate.
 27096 | Gauntlet | Found a runed translucent gate.
 27098 | Gauntlet | Found a transporter.
 27098 | Gauntlet | Found a transporter.
 27101 | Gauntlet | Found a transporter.
 27102 | Gauntlet | Found a transporter.
 27104 | Gauntlet | Noticed a cacodemon
 27110 | Gauntlet | Found a transporter.
 27116 | Gauntlet | Found a transporter.
 27127 | Gauntlet | Noticed a reaper
 27129 | Gauntlet | Found a transporter.
 27137 | Gauntlet | Found a transporter.
 27137 | Gauntlet | Found a transporter.
 27139 | Gauntlet | Found a large runed translucent door.
 27139 | Gauntlet | Found a large runed translucent door.
 27145 | Gauntlet | Found a transporter.
 27210 | Gauntlet | Noticed a reaper
 27819 | Gauntlet | Killed a reaper
 27819 | Gauntlet | Reached skill level 10 in Fighting
 27829 | Gauntlet | Got a shimmering ivory ring
 27833 | Gauntlet | Got a steaming tin ring
 27879 | Gauntlet | Learned a level 1 spell: Apportation
 27881 | Gauntlet | Learned a level 1 spell: Summon Butterflies
 27885 | Gauntlet | Learned a level 3 spell: Lesser Beckoning
 27888 | Gauntlet | Identified the ring of Buuniqev {Wiz +Fly MP+9} (You found
                  | it in a Gauntlet)
 27890 | Gauntlet | Identified the ring "Daozam" {rN+ Int+7 Slay+2 SInv} (You
                  | found it in a Gauntlet)
 28286 | Gauntlet | Identified the Handbook of the Entourage and Good Luck
 28287 | Gauntlet | Got a translucent executioner's axe
 28301 | Gauntlet | Got a faintly glowing leather armour
 28362 | Orc:1    | Identified the +4 executioner's axe "Mason Foc" {chop,
                  | Fragile Str+4} (You found it in a Gauntlet)
 28446 | Orc:2    | Found a roughly hewn altar of Beogh.
 28450 | Orc:2    | Reached skill level 1 in Summonings
 28450 | Orc:2    | Reached skill level 1 in Translocations
 28459 | Orc:2    | Found Zuadas's Book Emporium.
 28499 | Orc:2    | Found a roughly hewn altar of Beogh.
 28513 | Orc:2    | Found Fyirchino's Antique Armour Boutique.
 28531 | Orc:2    | Bought a pair of dazzling gloves for 361 gold pieces
 28531 | Orc:2    | Bought a pair of twisted gloves for 361 gold pieces
 28541 | Orc:2    | Identified the -1 pair of gloves "Pohivuch" {rF+} (You
                  | bought it in a shop on level 2 of the Orcish Mines)
 28551 | Orc:2    | Identified the +2 pair of gloves "Udonk" {Int+5 Stlth+}
                  | (You bought it in a shop on level 2 of the Orcish Mines)
 28575 | Orc:2    | Identified the +6 broad axe "Rummage" {elec, *Drain rF+
                  | Dex+4} (You found it on level 11 of the Dungeon)
 28743 | Orc:2    | Found a roughly hewn altar of Beogh.
 28925 | Orc:2    | Noticed Orphidia's ghost (journeyman TeGl)
 28934 | Orc:2    | Found a runed translucent gate.
 28934 | Orc:2    | Found a runed translucent gate.
 28934 | Orc:2    | Found a runed translucent gate.
 28959 | Orc:2    | HP: 5/121 [Orphidia's ghost (29)]
 28959 | Orc:2    | Slain by Orphidia's ghost

Levels and vault maps discovered:
D:1:      grunt_arrival_crossed_arrows, layout_loops_ring, minmay_misc_feat_iff
D:2:      layout_basic, gammafunk_temple_overflow_statue, minmay_tall_x
D:3:      layout_basic
D:4:      layout_basic, regret_index_temple_of_mockery,
          minmay_temple_entry_statues
D:5:      layout_basic, first_ration, uniq_grinder, uniq_duvessa
D:6:      layout_cave_pods, nemelex_xobeh_ov_fountains_minmay, basic_altar
D:7:      layout_loops_corners, serial_shops, shop_statue
D:8:      layout_loops_ring, grunt_temple_overflow_growth_and_decay,
          lair_entry_dummy, hangedman_little_slice_of_home
D:9:      layout_long_grid, gammafunk_temple_overflow_claw
D:10:     layout_gridville, serial_shops, shop, xom_shifter_show
D:11:     layout_loops_ring, hiddenorc1_lemuel, hellmonk_ghost_happy_afterlife,
          kennysheep_generic_room_2, uniq_maurice
Temple:   nicolae_temple_x_marks_the_god
Lair:1:   minmay_lair_oklob_tunnel, layout_cave_pods, beast_lair_carwin_2,
          serial_bayou_shore_a, grunt_megastairs_3
Lair:2:   layout_cave_pods, minmay_shoals_entry_hut, uniq_harold
Lair:3:   layout_loops_ring, spider_nest_entry_web_field, beast_lair_carwin_5
Lair:4:   onia_ninara_swampy_vault, layout_small_grid, beast_lair_carwin_4,
          grunt_megastairs_4, lemuel_fruit_tree, uniq_snorg
Lair:5:   layout_regular_city, minmay_slime_entry_jelly_boxes, serial_rivers,
          chequers_serial_rivers_micro_e, chequers_serial_rivers_micro_e,
          chequers_serial_rivers_room_b, chequers_serial_rivers_room_a,
          chequers_serial_rivers_micro_c
Lair:6:   minmay_lair_end_frog_pond, layout_regular_city, uniq_josephine
Orc:1:    nicolae_orc_accident_2, layout_diamond_mine, basic_altar
Orc:2:    grunt_orc_community_town_hall, layout_diamond_mine,
          grunt_orc_community_big_house_1, grunt_orc_community_big_house_2,
          grunt_orc_community_house_3, grunt_orc_community_house_3,
          grunt_orc_community_house_3, grunt_orc_community_house_3,
          gammafunk_ghost_split, special_room, gauntlet_entry_generic
Gauntlet: minmay_gauntlet_mixed_oops_all_seconds [minmay_gauntlet_arena_77_box,
          minmay_gauntlet_arena_make_your_own_arena,
          minmay_gauntlet_arena_77_braids, gammafunk_gauntlet_arena_chambers,
          minmay_gauntlet_arena_77_two_lines, nicolae_gauntlet_swirl,
          gauntlet_exit_spiral]

Skill      XL: |  1  2  3  4  5  6  7  8  9 10 11 12 13 14 |
---------------+-------------------------------------------+-----
Unarmed Combat | 4 5 6 7 8 9 10 11 13 14 | 14.0
Poison Magic   | 1 2 |  2.0
Dodging        | 3 4 5 7 9 11 | 11.4
Fighting       | 3 5 8 10 | 10.0
Evocations     | 2 5 6 8 |  8.1
Invocations    | 3 6 9 |  9.0
Transmutations | 3 6 7 |  7.0
Spellcasting   | 3 5 6 |  6.2
Ice Magic      | 2 |  2.0
Summonings     | 1 |  1.6
Translocations | 1 |  1.6

Action                   |  1- 3 |  4- 6 |  7- 9 | 10-12 | 13-15 || total
-------------------------+-------+-------+-------+-------+-------++-------
Melee: Unarmed           |   214 |   191 |   356 |   392 |   478 ||  1631
       Tailslap          |    17 |    17 |    41 |    82 |   111 ||   268
       Punch             |     2 |     1 |    11 |    27 |    55 ||    96
Throw: Throwing net      |       |       |       |       |     1 ||     1
 Cast: Spider Form       |       |    12 |    15 |     8 |       ||    35
       Blade Hands       |       |       |       |    38 |    56 ||    94
       Ice Form          |       |       |       |     1 |       ||     1
Invok: Slouch            |       |       |       |     3 |     2 ||     5
       Temporal Distorti |       |       |       |       |     3 ||     3
 Abil: Breathe Fire      |       |       |    14 |     8 |     6 ||    28
       End Transformatio |       |       |     1 |     1 |     1 ||     3
Evoke: Wand              |       |       |       |       |     3 ||     3
  Use: Scroll            |       |       |     8 |     4 |    12 ||    24
       Potion            |       |       |       |     2 |     1 ||     3
 Stab: Sleeping          |     1 |       |     4 |     2 |     3 ||    10
       Distracted        |       |     1 |       |     2 |     2 ||     5
  Eat: Chunk             |     5 |     9 |    16 |    19 |    23 ||    72
       Ration            |       |     1 |       |     1 |     2 ||     4
Armor: Skin              |    93 |    56 |    73 |    56 |    46 ||   324
Dodge: Dodged            |   174 |   129 |   293 |   370 |   379 ||  1345
Block: Other             |       |       |    28 |    51 |    48 ||   127

Table legend:
 A = Non-vault XP
 B = Vault XP
 C = Vault XP percentage of total XP
 D = Non-vault monster count
 E = Vault monster count
 F = Vault count percentage of total count
                 A         B        C        D         E       F
            +---------+---------+-------+---------+---------+-------
      Total |   41086 |   39670 |  49.1 |     384 |     182 |  32.2
            +---------+---------+-------+---------+---------+-------
        D:1 |      24 |       0 |   0.0 |      14 |       0 |   0.0
        D:2 |      40 |      20 |  33.3 |      23 |       4 |  14.8
        D:3 |     173 |       0 |   0.0 |      36 |       0 |   0.0
        D:4 |     279 |       0 |   0.0 |      15 |       0 |   0.0
        D:5 |     388 |     527 |  57.6 |      26 |       3 |  10.3
        D:6 |     757 |       0 |   0.0 |      31 |       0 |   0.0
        D:7 |    1153 |       0 |   0.0 |      25 |       0 |   0.0
        D:8 |    1664 |     160 |   8.8 |      27 |       8 |  22.9
        D:9 |    3152 |       0 |   0.0 |      26 |       0 |   0.0
       D:10 |    1151 |       0 |   0.0 |      12 |       0 |   0.0
       D:11 |    2141 |    1834 |  46.1 |      17 |      20 |  54.1
     Lair:1 |    2558 |    2255 |  46.9 |      11 |      13 |  54.2
     Lair:2 |    4217 |    1217 |  22.4 |      16 |       2 |  11.1
     Lair:3 |    2580 |    1889 |  42.3 |       8 |       6 |  42.9
     Lair:4 |    3379 |    8598 |  71.8 |      18 |      22 |  55.0
     Lair:5 |    1769 |     486 |  21.6 |       8 |      12 |  60.0
     Lair:6 |   14695 |   14960 |  50.4 |      49 |      54 |  52.4
      Orc:1 |     558 |     338 |  37.7 |      14 |       4 |  22.2
      Orc:2 |     408 |    1977 |  82.9 |       8 |      27 |  77.1
   Gauntlet |       0 |    5409 | 100.0 |       0 |       7 | 100.0
            +---------+---------+-------+---------+---------+-------
